 Dungeon Crawl Stone Soup version 0.27.1-1-g398f81649c (webtiles) character file.

Game seed: 3957501034854422307

225 MisterFreud the Shield-Bearer (level 6, -2/53 HPs)
             Began as a Gnoll Fighter on Sept 15, 2021.
             Was a Follower of Vehumet.
             Slain by an iguana (4 damage)
             ... on level 4 of the Dungeon.
             The game lasted 00:03:50 (3345 turns).

MisterFreud the Shield-Bearer (Gnoll Fighter)       Turns: 3345, Time: 00:03:51

Health: -2/53      AC:  7    Str: 15    XL:     6   Next: 1%
Magic:  8/8        EV:  8    Int: 10    God:    Vehumet [*.....]
Gold:   199        SH: 10    Dex: 11    Spells: 8/8 levels left

rFire    . . .     SeeInvis .   a - +0 rapier
rCold    . . .     Faith    .   c - +0 kite shield
rNeg     . . .     Spirit   .   b - +0 scale mail
rPois    .         Reflect  .   (no helmet)
rElec    .         Harm     .   (no cloak)
rCorr    .         Rampage  .   (no gloves)
Will     .....                  (no boots)
Stlth    ..........             (no amulet)
HPRegen  0.17/turn              (no ring)
MPRegen  0.11/turn              (no ring)

@: no status effects
A: fangs 1, strong nose, distributed training
a: Renounce Religion


You were on level 4 of the Dungeon.
You worshipped Vehumet.
Vehumet was aware of your devotion.
You visited 1 branch of the dungeon, and saw 4 of its levels.

You collected 199 gold pieces.

Inventory:

Hand Weapons
 a - a +0 rapier (weapon)
Armour
 b - a +0 scale mail (worn)
 c - a +0 kite shield (worn)
Wands
 m - a wand of polymorph (5)
Scrolls
 e - a scroll of brand weapon {unknown}
 i - 4 scrolls of identify {unknown}
 j - a scroll of holy word {unknown}
 l - a scroll of enchant armour {unknown}
 n - a scroll of fear {unknown}
 o - a scroll of teleportation {unknown}
Potions
 g - a potion of degeneration {unknown}
 h - a potion of ambrosia
 k - a potion of magic {unknown}


   Skills:
 + Level 6.7 Fighting
 + Level 4.9 Short Blades
 + Level 1.7 Long Blades
 + Level 1.7 Axes
 + Level 1.7 Maces & Flails
 + Level 1.7 Polearms
 + Level 1.7 Staves
 + Level 1.7 Slings
 + Level 1.7 Bows
 + Level 1.7 Crossbows
 + Level 1.7 Throwing
 + Level 6.7 Armour
 + Level 1.7 Dodging
 + Level 1.7 Stealth
 + Level 6.7 Shields
 + Level 1.7 Unarmed Combat
 + Level 1.7 Spellcasting
 + Level 1.3 Conjurations
 + Level 1.3 Hexes
 + Level 1.3 Summonings
 + Level 1.3 Necromancy
 + Level 1.3 Translocations
 + Level 1.3 Transmutations
 + Level 1.3 Fire Magic
 + Level 1.3 Ice Magic
 + Level 1.3 Air Magic
 + Level 1.3 Earth Magic
 + Level 1.3 Poison Magic
 + Level 2.0 Invocations
 + Level 1.7 Evocations


You had 8 spell levels left.
You didn't know any spells.
Your spell library contained the following spells:

 Spells                   Type           Power      Damage    Failure   Level
 Foxfire                  Conj/Fire      12%        2x1d4     88%         1
 Inner Flame              Hex/Fire       3%         N/A       99%         3
 Cause Fear               Hex            1%         N/A       100%        4
 Malign Gateway           Summ/Tloc      1%         N/A       100%        7
 Discord                  Hex            1%         N/A       100%        8
 Summon Horrible Things   Summ           1%         N/A       100%        8


Dungeon Overview and Level Annotations

Branches:
Dungeon (4/15)             Temple (0/1) D:4

Altars:
Ru
Uskayaw
Vehumet


Innate Abilities, Weirdness & Mutations

You have very sharp teeth.
Your uncanny sense of smell can sniff out nearby items.
Your experience applies equally to all skills.


Message History

You kill the orc!
Vehumet accepts your kill.
Your Invocations skill increases to level 2!
You closely miss the iguana.
The iguana is moderately wounded.
The iguana closely misses you. The iguana bites you.
You closely miss the iguana. You bite the iguana, but do no damage.
The iguana is moderately wounded.
The iguana bites you.
You hit the iguana but do no damage.
The iguana is moderately wounded.
The iguana bites you but does no damage.
You closely miss the iguana.
The iguana is moderately wounded.
You block the iguana's attack.
You closely miss the iguana.
The iguana is moderately wounded.
You block the iguana's attack.
You hit the iguana. You bite the iguana, but do no damage.
The iguana is heavily wounded.
The iguana bites you.
You hit the iguana but do no damage.
The iguana is heavily wounded.
The iguana bites you but does no damage.
You closely miss the iguana.
The iguana is heavily wounded.
The iguana bites you.
Your shield prevents you from hitting the iguana.
You bite the iguana, but do no damage.
The iguana is heavily wounded.
The iguana bites you.
* * * LOW HITPOINT WARNING * * *
You barely miss the iguana.
The iguana is heavily wounded.
The iguana bites you!
* * * LOW HITPOINT WARNING * * *
You hit the iguana but do no damage.
The iguana is heavily wounded.
The iguana bites you.
You die...

.... .. ....##. ### ......(
..###. .. ......... .....
#...# .. .........##..#
#.#.. ##..............# .
....# #.....##..##....# .
.(... ....... ####.## #.
... .#..### #.@l..### #.#
#.
#.....###.###.#.###.######.
#..........##..............
#..##...##..#.##<..#..[##..
#..##...##....#...###......
#..........###....##.......
#...(.>.....##.....#.#.#...
#..........###.........#.##
#..##...##.#.......#.>...#.


You could see an iguana.

Vanquished Creatures
  A tengu (D:4)
  A gnoll (D:1)
  5 adders
  An ufetubus (D:4)
  A dart slug (D:1)
  7 orcs (D:4)
  10 ball pythons
  3 bats
  4 endoplasms
  4 giant cockroaches
  7 hobgoblins
  5 jackals (D:1)
  5 quokkas
  3 frilled lizards (D:1)
  5 goblins
  3 kobolds (D:1)
  5 rats
70 creatures vanquished.

Notes
Turn   | Place    | Note
-------+----------+-------------------------------------------
     0 | D:1      | MisterFreud the Gnoll Fighter began the quest for the Orb.
     0 | D:1      | Reached XP level 1. HP: 23/23 MP: 1/1
    87 | D:1      | Found a faded altar of an unknown god.
   212 | D:1      | Reached XP level 2. HP: 27/29 MP: 2/2
   373 | D:1      | Reached XP level 3. HP: 31/35 MP: 3/3
   547 | D:1      | Reached skill level 1 in Invocations
   946 | D:2      | Reached skill level 1 in Long Blades
   946 | D:2      | Reached skill level 1 in Axes
   946 | D:2      | Reached skill level 1 in Maces & Flails
   946 | D:2      | Reached skill level 1 in Polearms
   946 | D:2      | Reached skill level 1 in Staves
   946 | D:2      | Reached skill level 1 in Slings
   946 | D:2      | Reached skill level 1 in Bows
   946 | D:2      | Reached skill level 1 in Crossbows
   946 | D:2      | Reached skill level 1 in Throwing
   946 | D:2      | Reached skill level 1 in Dodging
   946 | D:2      | Reached skill level 1 in Stealth
   946 | D:2      | Reached skill level 1 in Unarmed Combat
   946 | D:2      | Reached skill level 1 in Spellcasting
   946 | D:2      | Reached skill level 1 in Evocations
  1104 | D:2      | Found a sacrificial altar of Ru.
  1454 | D:1      | Became a worshipper of Vehumet
  1454 | D:1      | Reached * piety under Vehumet
  1454 | D:1      | Offered knowledge of Sandblast by Vehumet.
  1563 | D:2      | Reached XP level 4. HP: 41/41 MP: 5/5
  1937 | D:3      | Reached skill level 1 in Conjurations
  1937 | D:3      | Reached skill level 1 in Hexes
  1937 | D:3      | Reached skill level 1 in Summonings
  1937 | D:3      | Reached skill level 1 in Necromancy
  1937 | D:3      | Reached skill level 1 in Translocations
  1937 | D:3      | Reached skill level 1 in Transmutations
  1937 | D:3      | Reached skill level 1 in Fire Magic
  1937 | D:3      | Reached skill level 1 in Ice Magic
  1937 | D:3      | Reached skill level 1 in Air Magic
  1937 | D:3      | Reached skill level 1 in Earth Magic
  1937 | D:3      | Reached skill level 1 in Poison Magic
  2250 | D:3      | Found a hide-covered altar of Uskayaw.
  2673 | D:4      | Noticed a water moccasin
  2804 | D:4      | Reached XP level 5. HP: 47/47 MP: 6/6
  2908 | D:4      | Found a staircase to the Ecumenical Temple.
  2921 | D:4      | Noticed a tengu
  2921 | D:4      | a water moccasin changed into a tengu
  2925 | D:4      | Killed a tengu
  3062 | D:4      | Offered knowledge of Foxfire by Vehumet.
  3325 | D:4      | Reached XP level 6. HP: 34/53 MP: 8/8
  3344 | D:4      | HP: 2/53 [iguana (9)]
  3345 | D:4      | Slain by an iguana

Illustrated notes

Levels and vault maps discovered:
D:1:      dpeg_arrival_short_road, layout_basic,
          hellmonk_ecumenical_altar_blasted, minmay_heptomino_l4
D:2:      layout_basic, basic_altar
D:3:      layout_loops_cross, lemuel_coloured_pillars_altar,
          minmay_misc_feat_tower
D:4:      layout_cave_pools, minmay_temple_entry_stoned_glass,
          kennysheep_generic_room_12

Skill      XL: |  1  2  3  4  5  6 |
---------------+-------------------+-----
Invocations    | 1 2 |  2.0
Long Blades    | 1 |  1.7
Axes           | 1 |  1.7
Maces & Flails | 1 |  1.7
Polearms       | 1 |  1.7
Staves         | 1 |  1.7
Slings         | 1 |  1.7
Bows           | 1 |  1.7
Crossbows      | 1 |  1.7
Throwing       | 1 |  1.7
Dodging        | 1 |  1.7
Stealth        | 1 |  1.7
Unarmed Combat | 1 |  1.7
Spellcasting   | 1 |  1.7
Evocations     | 1 |  1.7
Conjurations   | 1 |  1.3
Hexes          | 1 |  1.3
Summonings     | 1 |  1.3
Necromancy     | 1 |  1.3
Translocations | 1 |  1.3
Transmutations | 1 |  1.3
Fire Magic     | 1 |  1.3
Ice Magic      | 1 |  1.3
Air Magic      | 1 |  1.3
Earth Magic    | 1 |  1.3
Poison Magic   | 1 |  1.3
Fighting       | |  6.7
Short Blades   | |  4.9
Armour         | |  6.7
Shields        | |  6.7

Action                   |  1- 3 |  4- 6 || total
-------------------------+-------+-------++-------
Melee: Rapier            |   110 |   134 ||   244
       Bite              |    10 |    10 ||    20
Evoke: Wand              |       |     2 ||     2
  Use: Potion            |       |     3 ||     3
Armor: Scale mail        |    45 |    50 ||    95
Dodge: Dodged            |    23 |    37 ||    60
Block: Kite shield       |    61 |    87 ||   148
